 Dungeon Crawl Stone Soup version 0.30-a0-709-gcdc1b43e22 (webtiles) character file.

Game seed: 7029982007060773259

487 Dartaoz the Ruffian (level 6, -2/59 HPs)
             Began as a Troll Gladiator on Jan 22, 2023.
             Slain by Menkaure (23 damage)
             ... on level 4 of the Dungeon.
             The game lasted 00:08:37 (2385 turns).

Dartaoz the Ruffian (Troll Gladiator)               Turns: 2385, Time: 00:08:37

Health: -2/59      AC:  4    Str: 25    XL:     6   Next: 89%
Magic:  5/5        EV: 10    Int:  4    God:
Gold:   189        SH:  0    Dex: 11    Spells: 5/5 levels left

rFire   . . .      SeeInvis .      - Unarmed
rCold   . . .      Faith    .    (no shield)
rNeg    . . .      Spirit   .    a - +0 robe
rPois   .          Reflect  .    b - +0 hat
rElec   .          Harm     .    (no cloak)
rCorr   .          Rampage  .    (gloves unavailable)
Will    .....                    (boots unavailable)
Stlth   +                        (no amulet)
HPRegen 1.09/turn                (no ring)
MPRegen 0.09/turn                (no ring)

@: lethally poisoned (-2 -> -5)
A: large, unfitting armour, claws 3, regeneration 1, shaggy fur 1, tough skin 1
a: no special abilities


You were on level 4 of the Dungeon.
You visited 1 branch of the dungeon, and saw 4 of its levels.

You collected 189 gold pieces.

Inventory:

Missiles
 c - 2 throwing nets (quivered)
 f - 6 poisoned darts
Armour
 a - a +0 robe (worn)
 b - a +0 hat (worn)
Jewellery
 i - a ring of protection from cold
 n - a ring of ice
Wands
 y - a wand of acid (9)
Scrolls
 e - 2 scrolls of noise {unknown}
 g - 3 scrolls of identify {unknown}
 h - 3 scrolls of teleportation {unknown}
 o - a scroll of blinking {unknown}
 r - a scroll of vulnerability {unknown}
 u - a scroll of poison {unknown}
 v - a scroll of immolation {unknown}
Potions
 d - a potion of magic {unknown}
 j - a potion of heal wounds {unknown}
 k - 2 potions of degeneration {unknown}
 l - a potion of haste {unknown}
 m - a potion of curing {unknown}
 p - a potion of flight {unknown}
 q - a potion of brilliance {unknown}
 s - a potion of invisibility {unknown}
 t - a potion of attraction {unknown}
 w - 2 potions of berserk rage {unknown}
 x - a potion of resistance {unknown}


   Skills:
 + Level 2.5 Fighting
 + Level 3.5 Throwing
 + Level 3.1 Dodging
 + Level 6.1 Unarmed Combat


You had 5 spell levels left.
You didn't know any spells.
Your spell library was empty.

Dungeon Overview and Level Annotations

Branches:
Dungeon (4/15)
 Temple: D:4-7

Altars:
Dithmenos
Trog

Shops:
D:1 [

Annotations:
D:4 Menkaure


Innate Abilities, Weirdness & Mutations

You are too large for most types of armour.
You have claws for hands.
Your natural rate of healing is unusually fast.
You are covered in fur. (AC +1)
You have tough skin. (AC +1)


Message History

You open the door.
Menkaure, Prince of Dust comes into view.
Menkaure shouts!
A scorpion comes into view.
Unknown command.
You scratch the scorpion.
The scorpion is moderately wounded.
The scorpion closely misses you.
You barely miss the scorpion.
The scorpion is lightly wounded.
The scorpion barely misses you.
You barely miss the scorpion.
The scorpion is lightly wounded.
The scorpion stings you but does no damage.
You closely miss the scorpion.
The scorpion is lightly wounded.
The scorpion stings you.
You are poisoned.
The scorpion poisons you!
You claw the scorpion!
The scorpion is severely wounded.
You feel very sick.
Menkaure mumbles some strange words.
Menkaure seems to speed up.
The scorpion stings you.
You are more poisoned.
The scorpion poisons you!
You claw the scorpion!
You kill the scorpion!
You feel very sick.
You throw a large rock. The large rock hits Menkaure.
Menkaure is moderately damaged.
You feel extremely sick.
Menkaure points at you and mumbles some strange words.
Pain shoots through your body!
You are too injured to fight recklessly!
You scratch Menkaure.
Menkaure is heavily damaged.
You feel very sick. Menkaure hits you!!
You die...

..M.. #...≈≈_≈≈.##
......###.#.≈≈≈≈≈..#
......'...#..≈≈≈...#
..s...###.#........# .####
#...#.....#..# #.##...##...##
#(#.....#'#######
#M#.............#
##@..##..........#
#....##..........#
#..#....<......^.#
####..######........#
###......<...+........#
##########...##########........#
#..........### #........#
#..........# #........#
#..........# #........#


You could see Menkaure (fast).

Vanquished Creatures
  A phantom (D:4)
  2 scorpions (D:4)
  2 orc priests
  Ijyb (D:4)
  An orc wizard (D:3)
  Natasha (twice) (D:4)
  An adder (D:4)
  4 gnolls (D:4)
  A dart slug (D:2)
  9 orcs
  4 ball pythons
  8 bats
  4 endoplasms
  2 giant cockroaches (D:2)
  6 goblins
  6 hobgoblins
  5 jackals
  3 quokkas
  6 frilled lizards
  6 kobolds
  7 rats
81 creatures vanquished.

Notes
Turn   | Place    | Note
-------+----------+-------------------------------------------
     0 | D:1      | Dartaoz the Troll Gladiator began the quest for the Orb.
     0 | D:1      | Reached XP level 1. HP: 19/19 MP: 0/0
   112 | D:1      | Reached XP level 2. HP: 27/27 MP: 1/1
   331 | D:1      | Found Pakitil's Armour Boutique.
   414 | D:1      | Reached skill level 4 in Unarmed Combat
   702 | D:2      | Found a bloodstained altar of Trog.
   744 | D:2      | Reached XP level 3. HP: 24/33 MP: 2/2
   894 | D:2      | Reached XP level 4. HP: 41/41 MP: 3/3
   951 | D:2      | Reached skill level 5 in Unarmed Combat
  1579 | D:3      | Reached XP level 5. HP: 15/48 MP: 4/4
  1735 | D:3      | Found a faded altar of an unknown god.
  2137 | D:4      | Noticed a phantom
  2151 | D:4      | Killed a phantom
  2152 | D:4      | Reached XP level 6. HP: 41/57 MP: 5/5
  2255 | D:4      | Noticed Ijyb
  2256 | D:4      | Killed Ijyb
  2268 | D:4      | Noticed Natasha
  2276 | D:4      | Killed Natasha
  2324 | D:4      | Noticed Natasha
  2333 | D:4      | Killed Natasha
  2334 | D:4      | Reached skill level 6 in Unarmed Combat
  2351 | D:4      | Found a shadowy altar of Dithmenos.
  2367 | D:4      | Noticed Menkaure
  2385 | D:4      | Slain by Menkaure

Illustrated notes

Levels and vault maps discovered:
D:1:      lemuel_arrival_river_ford, layout_loops_ring, serial_shops,
          nicolae_lakefront_shop
D:2:      layout_loops_corners, basic_altar
D:3:      layout_rooms, ebering_ecumenical_altar_hall
D:4:      layout_basic, mainiacjoe_overflow_catwalk, uniq_ijyb, uniq_natasha,
          uniq_menkaure, uniq_robin

Skill      XL: |  1  2  3  4  5  6 |
---------------+-------------------+-----
Unarmed Combat | 4 5 6 |  6.1
Throwing       | 2 3 |  3.5
Fighting       | 2 |  2.5
Dodging        | 3 |  3.1

Action                     |  1- 3 |  4- 6 || total
---------------------------+-------+-------++-------
  Melee: Unarmed           |    49 |   105 ||   154
         Punch             |     1 |     2 ||     3
  Throw: Throwing net      |     1 |       ||     1
         Dart              |    36 |    37 ||    73
         Large rock        |       |     4 ||     4
 Armour: Robe              |     9 |    28 ||    37
  Dodge: Dodged            |    21 |    30 ||    51

Table legend: (Time is in decaauts)
 A = Elapsed time spent in this place.
 B = Non-inter-level travel time spent in this place.
 C = Inter-level travel time spent in this place.
 D = Time resting spent in this place.
 E = Time spent auto-exploring this place.
 F = Levels seen in this place.
 G = Mean time per level.
                   A        B        C        D        E       F      G
               +--------+--------+--------+--------+--------+-----+--------+
         Total |   2366 |   2317 |     49 |      0 |   1833 |   4 |  591.5 |
       Dungeon |   2366 |   2317 |     49 |      0 |   1833 |   4 |  591.5 |
               +--------+--------+--------+--------+--------+-----+--------+

Top non-repeatable levels by time:
     D:2: 924 daAuts
     D:1: 617 daAuts
     D:3: 514 daAuts
     D:4: 310 daAuts
